 Dungeon Crawl Stone Soup version 0.30.0-10-gfe55d96785 (webtiles) character file.

Game seed: 6791737361663489534

230680 olmar the Bludgeoner (level 19, -37/188 HPs)
             Began as a Naga Fighter on May 15, 2023.
             Was an Initiate of Gozag.
             Blown up by an orb spider (49 damage)
             ... with an orb of destruction
             ... on level 4 of the Abyss.
             The game lasted 00:49:44 (30037 turns).

olmar the Bludgeoner (Naga Fighter)                Turns: 30037, Time: 00:49:45

Health: -37/188    AC: 31    Str: 45    XL:     19   Next: 48%
Magic:  19/19      EV:  6    Int:  2    God:    Gozag
Gold:   347        SH: 28    Dex: 11    Spells: 18/18 levels left

rFire   + + +        V - +2 eveningstar (freeze)
rCold   + + .        Q - +10 tower shield of Ignorance {rN+ Int-4}
rNeg    + + +        M - +1 gold dragon scales of Somewhere Else {rPois rF+ rC+ Regen+ Str+3}
rPois   +            (no helmet)
rElec   +            H - +1 cloak of Action {-Cast rPois Str+4}
rCorr   +            n - +0 pair of gloves of Niokh {rPois rN+ Str+9 Int-3}
SInv    +            y - +1 barding {Stlth+}
Will    ++...        l - amulet "Haokkem" {Acrobat rElec rPois Regen+ Int+3} Stlth
                     F - ring "Ekudd" {rF+ rC- rN++ Str+6}
HPRegen 2.11/turn    L - ring of protection from cold
MPRegen 0.16/turn

%: no spellcasting, random rage (3%), acrobat
@: mighty, resistant, gold aura, on berserk cooldown, slowed, unable to read,
unable to drink, very slow
A: AC +6, large, see invisible, deformed body, poison resistance, slowness 2,
spit poison 1, naga tail 2, [berserk 1], [dopey 2], [weak 1], [inability to read
after injury 2]
}: 1/15 runes: serpentine
a: Spit Poison, Renounce Religion, Potion Petition, Call Merchant, Bribe Branch


You were on level 4 of the Abyss.
You worshipped Gozag.
Gozag was aware of your devotion.
You visited 6 branches of the dungeon, and saw 26 of its levels.
You visited the Abyss 2 times.
You also visited: Ice Cave.

You collected 9981 gold pieces.
You spent 4965 gold pieces at shops.
You paid 4669 gold pieces to Gozag.

Inventory:

Hand Weapons
 V - a +2 eveningstar of freezing (weapon)
Missiles
 i - 31 poisoned darts (quivered)
 P - 4 curare-tipped darts
Armour
 n - the +0 pair of gloves of Niokh (worn) {rPois rN+ Str+9 Int-3}
   (You bought it in a shop on level 2 of the Snake Pit)

   Str:       It affects your strength (+9).
   Int:       It affects your intelligence (-3).
   rPois:     It protects you from poison.
   rN:        It protects you from negative energy.
 y - a +1 barding of stealth (worn)
 H - the +1 cloak of Action (worn) {-Cast rPois Str+4}
   (You found it on level 7 of the Dungeon)

   Str:       It affects your strength (+4).
   rPois:     It protects you from poison.
   -Cast:     It prevents spellcasting.
 M - the +1 gold dragon scales of Somewhere Else (worn) {rPois rF+ rC+ Regen+ Str+3}
   (You bought it in a shop on level 2 of the Elven Halls)

   Str:       It affects your strength (+3).
   rF:        It protects you from fire.
   rC:        It protects you from cold.
   rPois:     It protects you from poison.
   Regen:     It increases your rate of health regeneration.
 Q - the +10 tower shield of Ignorance (worn) {rN+ Int-4}
   (You found it on level 3 of the Lair of Beasts)

   Int:       It affects your intelligence (-4).
   rN:        It protects you from negative energy.
Jewellery
 f - a ring of willpower
 l - the amulet "Haokkem" (around neck) {Acrobat rElec rPois Regen+ Int+3}
   (You bought it in a shop on level 8 of the Dungeon)

   [amulet of the acrobat]

   It increases your evasion while moving and waiting.
   Int:       It affects your intelligence (+3).
   rElec:     It insulates you from electricity.
   rPois:     It protects you from poison.
   Regen:     It increases your rate of health regeneration.
 m - a ring of protection from fire
 q - an amulet of reflection
 F - the ring "Ekudd" (left hand) {rF+ rC- rN++ Str+6}
   (You bought it in a shop on level 2 of the Snake Pit)

   [ring of strength]

   Str:       It affects your strength (+6).
   rF:        It protects you from fire.
   rC:        It makes you vulnerable to cold.
   rN:        It greatly protects you from negative energy.
 L - a ring of protection from cold (right hand)
 O - a ring of protection from cold
 W - a ring of resist corrosion
Wands
 b - a wand of flame (20)
 h - a wand of charming (12)
 u - a wand of roots (24)
 E - a wand of acid (2)
 R - a wand of polymorph (6)
 Y - a wand of digging (1)
Scrolls
 a - 14 scrolls of identify
 o - a scroll of teleportation
 p - 2 scrolls of noise
 v - 5 scrolls of fog
 w - 7 scrolls of enchant armour
 B - 4 scrolls of magic mapping
 G - a scroll of brand weapon
 I - a scroll of summoning
 J - 4 scrolls of fear
 K - 5 scrolls of poison
 T - 5 scrolls of blinking
 X - 2 scrolls of silence
Potions
 d - 3 potions of cancellation
 e - a potion of heal wounds
 g - 4 potions of flight
 j - 2 potions of resistance
 k - a potion of magic
 r - 2 potions of ambrosia
 s - 3 potions of brilliance
 t - 9 potions of curing
 x - a potion of berserk rage
 z - 5 potions of haste
 A - 6 potions of lignification
 C - 2 potions of attraction
 D - 7 potions of mutation
 N - a potion of invisibility
 S - a potion of might
Miscellaneous
 c - a box of beasts (inert)
 U - a lightning rod (4/4)


   Skills:
 + Level 15.7 Fighting
 + Level 17.9 Maces & Flails
 + Level 12.3 Armour
 + Level 9.4 Dodging
 + Level 15.4 Stealth
 + Level 15.6 Shields
 + Level 4.1 Evocations


You had 18 spell levels left.
You didn't know any spells.
Your spell library contained the following spells:

 Spells                   Type           Power      Damage    Failure   Level
 Kiss of Death            Conj/Necr      0%         2d5       100%        1
 Shock                    Conj/Air       0%         1d3       100%        1
 Slow                     Hex            0%         N/A       100%        1
 Sting                    Tmut/Pois      0%         1d3       100%        1
 Cigotuvi's Dreadful Rot  Necr/Pois/Air  0%         N/A       100%        2
 Sublimation of Blood     Necr           0%         N/A       100%        2
 Call Canine Familiar     Summ           0%         N/A       100%        3
 Confusing Touch          Hex            0%         N/A       100%        3
 Gell's Gravitas          Tloc           0%         N/A       100%        3
 Ozocubu's Armour         Ice            0%         N/A       100%        3
 Summon Guardian Golem    Hex/Summ       0%         N/A       100%        3
 Swiftness                Air            0%         N/A       100%        3
 Teleport Other           Tloc           0%         N/A       100%        3
 Vampiric Draining        Necr           0%         2d6       100%        3
 Airstrike                Air            0%         2d(0-16)  100%        4
 Dispel Undead            Necr           0%         3d6       100%        4
 Petrify                  Tmut/Erth      0%         N/A       100%        4
 Sticky Flame             Conj/Fire      0%         2d3       100%        4
 Summon Ice Beast         Ice/Summ       0%         N/A       100%        4
 Blade Hands              Tmut           0%         N/A       100%        5
 Irradiate                Conj/Tmut      0%         3d11      100%        5
 Dispersal                Tloc           0%         N/A       100%        6
 Dragon Form              Tmut           0%         N/A       100%        7
 Orb of Destruction       Conj           0%         9d5       100%        7
 Ozocubu's Refrigeration  Ice            0%         4d7       100%        7
 Spellforged Servitor     Conj/Summ      0%         N/A       100%        7
 Dragon's Call            Summ           0%         N/A       100%        9


Dungeon Overview and Level Annotations

Branches:
Dungeon (13/15)            Temple (1/1) D:7            Lair (3/5) D:10
 Shoals (0/4) Lair:3        Snake (4/4) Lair:3          Orc (2/2) D:12
    Elf (3/3) Orc:2        Vaults (0/5) D:13          IceCv (visited)

Altars:
Ashenzari
Cheibriados
Dithmenos
Elyvilon
Fedhas
Gozag
Hepliaklqana
Kikubaaqudgha
Makhleb
Nemelex Xobeh
Okawaru
Qazlal
Ru
Sif Muna
Trog
Uskayaw
Vehumet
Wu Jian
Xom
Yredelemnul
Zin
The Shining One

Shops:
D:8 =   Orc:1 (   Orc:2 ?=*[   Elf:2 [   Elf:3 *   Snake:2 *[*   Snake:3 *?(*
Snake:4 (

Portals:
Pandemonium: Orc:2

Annotations:
D:2 1 runed translucent door, Crazy Yiuf
D:5 3 runed translucent doors, gelatine's ghost, novice DsVM
D:13 3 runed translucent doors, Mebb's ghost, journeyman SpEn
Abyss:4 1 transporter


Innate Abilities, Weirdness & Mutations

Your serpentine skin is tough. (AC +6)
You have supernaturally acute eyesight. (SInv)
Armour fits poorly on your strangely shaped body.
Your system is resistant to poisons. (rPois)
You cover ground very slowly.
You can spit poison.
You can use your snake-like lower body to constrict enemies.
[You sometimes lose your temper in combat.]
[You are very dopey. (Int -4)]
[You are weak. (Str -2)]
[You sometimes lose the ability to read scrolls when taking damage.]


Message History

A starcursed mass splits. x2
The lich touches you but does no damage.
You block the tentacled starspawn's attack.
The tentacled starspawn tentacle-slaps you!
* * * LOW HITPOINT WARNING * * *
You flatten the lich like a pancake!!! You freeze the lich.
You destroy the lich!
The starcursed mass is distracted by your dazzling golden aura.
A starcursed mass splits.
A deafening chorus of shrieks assaults your mind!
* * * LOW HITPOINT WARNING * * *
The tentacled starspawn barely misses you.
You block the tentacled starspawn's attack.
You feel the corruption within you wane somewhat.
Your urge to shout disappears.
You no longer become unable to drink potions after taking damage.
You feel stronger.
Unknown command.
You skewer the tentacled starspawn like a kebab!!!
You freeze the tentacled starspawn.
You destroy the tentacled starspawn!
The starspawn's tentacles wither and die.
A starcursed mass splits. x2
The starcursed mass is distracted by your dazzling golden aura.
Unknown command.
You cannot read scrolls in your current state!
The ettin zombie attacks as you move away!
You block the ettin zombie's attack. x2
The substance of the Abyss twists violently, and a gateway leading down appears!
The orb spider weaves a glowing orb of energy.
An orb of destruction comes into view.
There is a gateway leading deeper into the Abyss here.
Unknown command.
You can't go up here!
Unknown command.
The starcursed mass is no longer distracted by gold.
A deafening chorus of shrieks assaults your mind!
* * * LOW HITPOINT WARNING * * *
The orb of destruction hits you!!!
You die...

#.# . . . .. # .
* ####. ##XX#
###.. $XX# X #
#...# #X.# #..
.##... $Z$# # .
.
.#.....##X#$.###
. # #.. #.$§# .#
.# . . .
s...#$○@#### ..
# #. # #s○$.§#.
## # #..#$$$#..#
#..#.##..─##. .
....#. .#...#.
#..# ## ###. ..
# # #. # .# .. .
# #


You could see 6 starcursed masses, an orb spider and an ettin zombie.

Vanquished Creatures
  Vashnia (Snake:4)
  A bone dragon (Abyss:4)
  A tentacled monstrosity (Abyss:4)
  A lich (Abyss:4)
  Mlioglotl (Snake:1)
  8 tentacled starspawn (Abyss:4)
  The ghost of dolemite99 the Pannier, an adept DsMo of Nemelex Xobeh (Snake:2)
  9 nagarajas
  Aizul (Elf:1)
  3 deep elf sorcerers
  A reaper (IceCv)
  A yellow draconian (Abyss:4)
  5 deep elf demonologists
  A deep elf annihilator (Elf:3)
  A deep elf death mage (Elf:1)
  Josephine (D:12)
  Erolcha (D:13)
  4 deep elf high priests (Elf:3)
  A rakshasa (Abyss:4)
  A vault guard (D:13)
  An ogre mage (D:13)
  4 salamander tyrants
  2 demonspawn (Orc:2)
  A death knight (D:13)
  4 two-headed ogres
  Erica (D:8)
  An anaconda (shapeshifter) (Elf:2)
  14 anacondas
  24 dancing weapons
  A centaur warrior (D:10)
  3 boulder beetles
  11 naga warriors
  An alligator (shapeshifter) (Abyss:4)
  17 naga sharpshooters
  13 shock serpents
  Sonja (Lair:2)
  6 orc high priests (Orc:2)
  6 thrashing horrors (Abyss:4)
  Amaemon (Lair:3)
  4 wretched stars (Abyss:4)
  15 deep elf knights
  A sixfirhy (Orc:2)
  6 salamander mystics
  4 skeletal warriors
  A flayed ghost (D:13)
  9 naga ritualists
  A wolf spider (D:13)
  9 deep elf archers
  A phantasmal warrior (Abyss:4)
  23 deep elf pyromancers
  2 oklob plants (Lair:2)
  4 orc knights (Orc:2)
  10 mana vipers
  6 orc sorcerers
  A manticore (D:11)
  25 deep elf zephyrmancers
  A moth of wrath (Snake:2)
  10 elephants (Lair:1)
  19 salamanders
  A cyclops (D:12)
  Maurice (D:8)
  18 naga magi
  41 black mambas
  An apocalypse crab (Abyss:4)
  9 guardian serpents
  2 ice statues (IceCv)
  An orange demon (Lair:3)
  A gargoyle (D:13)
  A smoke demon (Abyss:4)
  A cane toad (shapeshifter) (D:13)
  2 kobold demonologists
  4 cane toads
  2 efreet (Abyss:4)
  4 rime drakes
  A tengu conjurer (D:13)
  5 ice devils (IceCv)
  An ancient zyme (Abyss:4)
  7 komodo dragons
  4 anaconda simulacra (IceCv)
  6 meliai (D:13)
  A hellwing (Orc:2)
  2 trolls
  A tarantella (shapeshifter) (D:13)
  2 hornets
  3 polar bears
  6 dream sheep (Lair:3)
  8 raiju (Abyss:4)
  12 blink frogs
  Sigmund (D:2)
  4 flying skulls (Abyss:4)
  5 air elementals
  A centaur simulacrum (D:10)
  A culicivora (shapeshifter) (D:13)
  A shadow (D:10)
  2 vampires
  5 dire elephant simulacra (IceCv)
  22 starcursed masses (Abyss:4)
  A ynoxinul (Abyss:4)
  6 wraiths
  An unseen horror simulacrum (D:10)
  5 large abominations (Abyss:4)
  A fire elemental (Elf:2)
  6 basilisks
  3 fire bats (Abyss:4)
  6 wyverns
  20 yaks
  11 humans (D:13)
  2 small abominations (Abyss:4)
  A steam dragon (D:7)
  8 vampire mosquitoes
  4 chaos spawn
  Grum (D:9)
  A neqoxec (Abyss:4)
  3 acid dragons
  46 nagas
  A hydra simulacrum (IceCv)
  21 orc warriors
  13 water moccasins
  4 ice beasts
  A black bear (Lair:3)
  2 sky beasts
  3 centaurs
  3 ogres
  27 wolves
  2 phantoms
  6 bullfrogs
  4 kobold brigands
  5 necrophages (Lair:3)
  An earth elemental (Abyss:4)
  A gnoll sergeant (Orc:1)
  A cane toad simulacrum (IceCv)
  2 scorpions
  7 wights
  3 elephant simulacra (IceCv)
  15 killer bees
  2 electric eels (D:10)
  7 howler monkeys
  4 hounds
  23 orc priests
  8 iguanas
  2 gnoll boudas
  Jessica (D:2)
  2 sleepcaps
  9 orc wizards
  14 gnolls
  6 adders
  6 white imps
  3 ufetubi
  3 worms
  3 dart slugs
  45 orcs
  5 bats
  9 endoplasms
  A giant cockroach (D:4)
  9 goblins
  6 hobgoblins
  3 jackals (D:2)
  5 quokkas
  8 ball pythons
  2 frilled lizards
  19 kobolds
  5 rats
  A butterfly (Lair:3)
  7 starspawn tentacles (Abyss:4)
964 creatures vanquished.

Vanquished Creatures (others)
  A deep elf knight (Elf:2)
  An unseen horror (D:12)
  A tengu conjurer (D:13)
  A small abomination (Abyss:4)
  2 killer bees (D:8)
  A howler monkey (D:10)
  An orc (D:12)
  2 lurking horrors (Abyss:4)
  16 starspawn tentacles (Abyss:4)
26 creatures vanquished.

Grand Total: 990 creatures vanquished

Notes
Turn   | Place    | Note
-------+----------+-------------------------------------------
     0 | D:1      | olmar the Naga Fighter began the quest for the Orb.
     0 | D:1      | Reached XP level 1. HP: 21/21 MP: 1/1
    79 | D:1      | Reached XP level 2. HP: 24/28 MP: 2/2
   359 | D:1      | Found a faded altar of an unknown god.
   709 | D:2      | Reached XP level 3. HP: 25/34 MP: 3/3
   845 | D:2      | Reached XP level 4. HP: 33/42 MP: 4/4
   893 | D:2      | Noticed Sigmund
   927 | D:2      | Killed Sigmund
   928 | D:2      | Reached skill level 4 in Maces & Flails
   928 | D:2      | Reached skill level 1 in Dodging
   928 | D:2      | Reached XP level 5. HP: 50/50 MP: 5/5
   928 | D:2      | Reached XP level 6. HP: 57/57 MP: 6/6
  1007 | D:2      | Noticed Jessica
  1017 | D:2      | Killed Jessica
  1526 | D:2      | Found a runed translucent door.
  1527 | D:2      | Noticed Crazy Yiuf
  1703 | D:3      | Got Bese's Parchment of Polluted Heat
  1879 | D:3      | Identified the +8 dagger of the Mordant God {pain, rF+
                  | rCorr Str+3}
  2261 | D:4      | Reached skill level 1 in Stealth
  2426 | D:4      | Noticed an orc warrior
  2524 | D:4      | Reached XP level 7. HP: 64/64 MP: 7/7
  2768 | D:4      | Reached skill level 5 in Maces & Flails
  2826 | D:4      | Found a basalt altar of Yredelemnul.
  3388 | D:5      | Entered Level 5 of the Dungeon
  3408 | D:5      | Found a transporter.
  3408 | D:5      | Noticed a wraith
  3408 | D:5      | Noticed a vampire
  3409 | D:5      | Found a white marble altar of Elyvilon.
  3412 | D:5      | Found a transporter.
  3553 | D:5      | Reached XP level 8. HP: 59/72 MP: 8/8
  3626 | D:5      | Found a runed translucent gate.
  3626 | D:5      | Found a runed translucent gate.
  3626 | D:5      | Found a runed translucent gate.
  3626 | D:5      | Noticed gelatine's ghost (novice DsVM)
  3631 | D:5      | Identified the +1 whip of the Smoking Messenger {freeze,
                  | rPois}
  3631 | D:5      | Identified the +2 leather armour of the Journeyman {Contam
                  | Fly rC- Regen+}
  3664 | D:5      | Reached skill level 6 in Maces & Flails
  4903 | D:6      | Reached skill level 8 in Maces & Flails
  4903 | D:6      | Reached skill level 5 in Shields
  4903 | D:6      | Reached XP level 9. HP: 85/85 MP: 9/9
  4904 | D:6      | Reached skill level 9 in Maces & Flails
  4904 | D:6      | Reached skill level 5 in Dodging
  4904 | D:6      | Reached skill level 10 in Stealth
  4904 | D:6      | Reached XP level 10. HP: 94/94 MP: 10/10
  5077 | D:6      | Reached XP level 11. HP: 104/104 MP: 11/11
  6084 | D:7      | Found a staircase to the Ecumenical Temple.
  6112 | Temple   | Entered the Ecumenical Temple
  6165 | Temple   | Became a worshipper of Gozag Ym Sagoz the Greedy
  6438 | D:7      | Identified the +1 cloak of Action {-Cast rPois Str+4}
  6623 | D:7      | Found a shimmering blue altar of Sif Muna.
  7216 | D:8      | Noticed Erica
  7225 | D:8      | Killed Erica
  7296 | D:8      | Found Nonko's Jewellery Emporium.
  7388 | D:8      | Noticed Maurice
  7424 | D:8      | Killed Maurice
  7425 | D:8      | Reached skill level 10 in Maces & Flails
  8279 | D:9      | Noticed Grum
  8287 | D:9      | Reached XP level 12. HP: 107/112 MP: 12/12
  8295 | D:9      | Killed Grum
  8897 | D:8      | Bought the amulet "Haokkem" {Acrobat rElec rPois Regen+
                  | Int+3} for 654 gold pieces
  9240 | D:10     | Entered Level 10 of the Dungeon
  9253 | D:10     | Noticed a two-headed ogre
  9264 | D:10     | Killed a two-headed ogre
  9316 | D:10     | Noticed a centaur warrior
  9318 | D:10     | Reached skill level 1 in Evocations
  9327 | D:10     | Killed a centaur warrior
  9522 | D:10     | Identified a scroll of acquirement
  9532 | D:10     | Acquired a +1 barding of stealth
  9688 | D:10     | Found a staircase to the Lair.
 10070 | D:11     | Identified the +8 war axe of Umpaw {venom, Str+5 Dex-3
                  | Stlth+}
 10143 | D:11     | Reached skill level 11 in Maces & Flails
 10652 | D:12     | Noticed a sun demon
 10737 | D:12     | Noticed a two-headed ogre
 10746 | D:12     | Noticed a boulder beetle
 10753 | D:12     | Killed a two-headed ogre
 10754 | D:12     | Gained mutation: You can use your snake-like lower body to
                  | constrict enemies. [Naga growth]
 10754 | D:12     | Reached XP level 13. HP: 82/121 MP: 13/13
 10778 | D:12     | Noticed Josephine
 11201 | Lair:1   | Entered Level 1 of the Lair of Beasts
 11520 | Lair:1   | Reached skill level 12 in Maces & Flails
 12410 | Lair:2   | Reached skill level 10 in Fighting
 12593 | Lair:2   | Noticed Sonja
 12607 | Lair:2   | Killed Sonja
 13148 | Lair:2   | Found a blossoming altar of Fedhas.
 13376 | Lair:3   | Found a staircase to the Snake Pit.
 13395 | Lair:3   | Reached XP level 14. HP: 132/132 MP: 14/14
 13438 | Lair:3   | Found a frozen archway.
 13481 | Lair:3   | Reached skill level 13 in Maces & Flails
 13493 | Lair:3   | Noticed Amaemon
 13498 | IceCv    | Entered an ice cave
 14081 | IceCv    | Noticed a reaper
 14093 | IceCv    | Killed a reaper
 14919 | Lair:3   | Killed Amaemon
 14964 | Lair:3   | Found the +10 tower shield of Ignorance {rN+ Int-4}
 15094 | Lair:3   | Found a staircase to the Shoals.
 15933 | D:12     | Killed Josephine
 15972 | D:12     | Found a staircase to the Orcish Mines.
 16330 | Orc:1    | Entered Level 1 of the Orcish Mines
 16485 | Orc:1    | Found Bennotop's Weapon Shop.
 16789 | Orc:2    | Entered Level 2 of the Orcish Mines
 17006 | Orc:2    | Found a staircase to the Elven Halls.
 17315 | Orc:2    | Found Puliqex's General Store.
 17321 | Orc:2    | Reached skill level 14 in Maces & Flails
 17662 | Orc:2    | Found Yptiss's Magic Scroll Emporium.
 17808 | Orc:2    | Bought a scroll of identify for 26 gold pieces
 17808 | Orc:2    | Bought a scroll of identify for 26 gold pieces
 17808 | Orc:2    | Bought a wand of roots (4) for 124 gold pieces
 17808 | Orc:2    | Bought a potion of curing for 39 gold pieces
 17810 | Orc:2    | Bought a scroll of identify for 26 gold pieces
 17810 | Orc:2    | Bought a scroll of identify for 26 gold pieces
 17810 | Orc:2    | Bought a scroll of identify for 26 gold pieces
 17810 | Orc:2    | Bought a scroll of identify for 26 gold pieces
 17810 | Orc:2    | Bought a scroll of fog for 52 gold pieces
 17810 | Orc:2    | Bought a scroll of teleportation for 39 gold pieces
 17810 | Orc:2    | Bought a scroll of teleportation for 39 gold pieces
 18840 | Orc:2    | Reached XP level 15. HP: 128/142 MP: 15/15
 18981 | Orc:2    | Found Qaamoes's Jewellery Shop.
 18981 | Orc:2    | Found Wanurewa's Antique Armour Boutique.
 18981 | Orc:2    | Found a one-way gate leading to the halls of Pandemonium.
 19091 | Orc:2    | Bought a distressingly furry chain mail for 209 gold pieces
 19091 | Orc:2    | Identified the +8 chain mail of Greater Demons {Rampage
                  | Regen+ Dex+3} (You bought it in a shop on level 2 of the
                  | Orcish Mines)
 19710 | D:13     | Noticed Erolcha
 19718 | D:13     | Killed Erolcha
 19948 | D:13     | Found a runed translucent gate.
 19949 | D:13     | Found a runed translucent gate.
 19950 | D:13     | Found a runed translucent gate.
 19951 | D:13     | Noticed Mebb's ghost (journeyman SpEn)
 19953 | D:13     | Found an iron altar of Okawaru.
 20004 | D:13     | Reached skill level 10 in Armour
 20339 | D:13     | Reached skill level 10 in Shields
 20735 | D:13     | Found a gate to the Vaults.
 20743 | D:13     | Identified the +3 kite shield "Tevasi" {Will+ Int+5}
 21115 | Snake:1  | Entered Level 1 of the Snake Pit
 21281 | Snake:1  | Found an ornate altar of the Wu Jian Council.
 21408 | Snake:1  | Noticed Mlioglotl
 21409 | Snake:1  | Noticed a bone dragon
 21420 | Snake:1  | Killed Mlioglotl
 21844 | Snake:1  | Identified the +0 scale mail of Gonejija {+Blink rElec rF+
                  | Stlth+}
 22146 | Snake:2  | Reached skill level 15 in Maces & Flails
 22251 | Snake:2  | Noticed a nagaraja
 22267 | Snake:2  | Killed a nagaraja
 22530 | Snake:2  | Found a transporter.
 22531 | Snake:2  | Noticed dolemite99's ghost (adept DsMo)
 22575 | Snake:2  | Reached XP level 16. HP: 154/154 MP: 16/16
 22932 | Snake:2  | Found a transporter.
 23257 | Snake:2  | Bought a pair of crude gloves for 399 gold pieces
 23257 | Snake:2  | Identified the +0 pair of gloves of Niokh {rPois rN+ Str+9
                  | Int-3} (You bought it in a shop on level 2 of the Snake
                  | Pit)
 23257 | Snake:2  | Bought a potion of curing for 126 gold pieces
 23273 | Snake:2  | Bought a smoking brass ring for 110 gold pieces
 23273 | Snake:2  | Identified the ring "Ekudd" {rF+ rC- rN++ Str+6} (You
                  | bought it in a shop on level 2 of the Snake Pit)
 23273 | Snake:2  | Bought a scroll of magic mapping for 165 gold pieces
 23428 | Snake:2  | Killed dolemite99's ghost
 23449 | Snake:2  | Identified the ring of Fudadoodd {Fly rPois rF+ Str-3
                  | Dex+4}
 23515 | Snake:2  | Bought a transparent plate armour for 616 gold pieces
 23515 | Snake:2  | Identified the +1 plate armour of Autotheism {Rampage Int+5
                  | Slay+2} (You bought it in a shop on level 2 of the Snake
                  | Pit)
 23841 | Snake:3  | Found Kalevisk's Magic Scroll Emporium.
 23841 | Snake:3  | Found Lapeomy's General Store.
 23864 | Snake:3  | Found Ebunluul's Weapon Shoppe.
 23866 | Snake:3  | Bought a scroll of teleportation for 45 gold pieces
 23866 | Snake:3  | Bought a scroll of poison for 60 gold pieces
 23867 | Snake:3  | Found Roskodgh's Assorted Antiques.
 23909 | Snake:3  | Bought a potion of mutation for 152 gold pieces
 23909 | Snake:3  | Bought a scroll of blinking for 142 gold pieces
 23909 | Snake:3  | Bought a scroll of poison for 76 gold pieces
 23909 | Snake:3  | Bought a scroll of enchant armour for 142 gold pieces
 24327 | Snake:3  | Reached skill level 16 in Maces & Flails
 24533 | Snake:4  | Entered Level 4 of the Snake Pit
 24629 | Snake:4  | Noticed a nagaraja
 24638 | Snake:4  | Killed a nagaraja
 24711 | Snake:4  | Reached XP level 17. HP: 157/164 MP: 17/17
 24726 | Snake:4  | Noticed Vashnia
 24756 | Snake:4  | Killed Vashnia
 24868 | Snake:4  | Found Faipsef's Weapon Emporium.
 25971 | Snake:4  | Reached skill level 15 in Stealth
 26214 | Snake:4  | Got a serpentine rune of Zot
 26591 | Elf:1    | Entered Level 1 of the Elven Halls
 26672 | Elf:1    | Reached XP level 18. HP: 160/175 MP: 18/18
 26942 | Elf:1    | Got the Lectures on Command
 27028 | Elf:1    | Noticed Aizul
 27038 | Elf:1    | Reached skill level 17 in Maces & Flails
 27047 | Elf:1    | Killed Aizul
 27279 | Elf:1    | Paralysed by an air elemental for 1 turns
 27733 | Elf:2    | Found a runed translucent gate.
 27734 | Elf:2    | Found a runed translucent gate.
 27734 | Elf:2    | Found a runed translucent gate.
 28194 | Elf:2    | Bought the +1 gold dragon scales of Somewhere Else {rPois
                  | rF+ rC+ Regen+ Str+3} for 1572 gold pieces
 28713 | Elf:3    | Entered Level 3 of the Elven Halls
 28722 | Elf:3    | Paralysed by an air elemental for 1 turns
 28727 | Elf:3    | Paralysed by an air elemental for 1 turns
 28739 | Elf:3    | Reached skill level 15 in Fighting
 28742 | Abyss:4  | Cast into level 4 of the Abyss (a deep elf sorcerer)
 28830 | Elf:3    | Escaped the Abyss
 28975 | Elf:3    | Found Haalod's General Store.
 28984 | Elf:3    | Bought a potion of might for 48 gold pieces
 29141 | Elf:3    | Paralysed by an air elemental for 1 turns
 29416 | Elf:3    | Noticed an Ice Fiend
 29423 | Elf:3    | Reached XP level 19. HP: 125/186 MP: 19/19
 29590 | Elf:3    | Reached skill level 15 in Shields
 29645 | Abyss:4  | Found a corrupted altar of Lugonu.
 29645 | Abyss:4  | Cast into level 4 of the Abyss (a deep elf sorcerer)
 29650 | Abyss:4  | Found a corrupted altar of Lugonu.
 29737 | Abyss:4  | Paralysed by accursed screaming for 1 turns
 29810 | Abyss:4  | Noticed a tentacled monstrosity
 29824 | Abyss:4  | Noticed a bone dragon
 29854 | Abyss:4  | Killed a bone dragon
 29900 | Abyss:4  | Found a transporter.
 29901 | Abyss:4  | Found a corrupted altar of Lugonu.
 29914 | Abyss:4  | Noticed a tentacled monstrosity
 29920 | Abyss:4  | Killed a tentacled monstrosity
 30016 | Abyss:4  | HP: 13/282 [starcursed mass/accursed screaming (10)]
 30021 | Abyss:4  | HP: 14/282 [lurking horror (5)]
 30037 | Abyss:4  | Blown up by an orb spider

Illustrated notes

Levels and vault maps discovered:
D:1:      nicolae_arrival_memento_mori, layout_loops_ring,
          ebering_ecumenical_altar_webs
D:2:      layout_basic, uniq_sigmund, uniq_jessica, uniq_crazy_yiuf_cottage
D:3:      layout_loops_cross
D:4:      layout_layer_cave, pf_just_have_faith
D:5:      layout_basic, gammafunk_temple_overflow_arena,
          biasface_ghost_orc_armoury
D:6:      layout_layer_cave
D:7:      layout_basic, nicolae_sif_muna_little_library,
          minmay_temple_entry_sparse_star, minivault_10,
          kennysheep_decorative_pillar
D:8:      layout_loops_ring, serial_shops, shop, uniq_erica, uniq_maurice
D:9:      layout_cave_pods, grunt_ministairs_9, uniq_grum
D:10:     layout_gridville, minmay_lair_entry_grove, serial_ice, serial_ice_a,
          serial_ice_e, serial_ice_i, serial_ice_h
D:11:     layout_roguey, minmay_lizard_king
D:12:     layout_big_octagon, david_orc_3, uniq_josephine
D:13:     minmay_distorted_concentric_squares, layout_stronghold,
          ximxim_vaults_locker_room, gammafunk_ghost_fury_of_okawaru,
          uniq_erolcha
Temple:   hellmonk_temple_of_storms
Lair:1:   layout_regular_city
Lair:2:   layout_regular_city, chequers_serial_rivers_room_a, st_stairs_7,
          hangedman_tree_tricks, cheibrodos_lair_caveside_slide,
          lemuel_fruit_tree, uniq_sonja
Lair:3:   layout_layer_cave, elwin_shoals_entry_rocks,
          guppyfry_snake_entry_garden, portal_ice_cave_entry_pillars_1,
          roderic_carrion_pond, lemuel_fruit_fields, uniq_amaemon
Snake:1:  layout_grid_maze, basic_altar, grunt_megastairs_2, uniq_mlioglotl
Snake:2:  layout_grid_maze, gammafunk_ghost_berserking_beasts
Snake:3:  layout_misc_corridors, nicolae_snake_serpentine_bazaar
Snake:4:  grunt_snake_rune_serpentine_throne, layout_cave_town, serial_shops,
          nicolae_shop_bloodbath_and_beyond, st_stairs_11, uniq_vashnia
Orc:1:    layout_caves, serial_shops, nicolae_diamond_shop
Orc:2:    pf_orc_diabolical, layout_caves, basic_altar
Elf:1:    layout_loops_cross, serial_sigils, serial_sigils_hangedman_etch,
          serial_sigils_hangedman_confine, serial_sigils_hangedman_writhe,
          serial_sigils_hangedman_clutch, serial_sigils_hangedman_stare,
          serial_sigils_hangedman_shear, minmay_elf_demonology,
          grunt_ministairs_15, uniq_aizul
Elf:2:    nicolae_elf_blades_crystal_corner, layout_geoelf_grid
Elf:3:    minmay_elf_hall_dome, layout_loops_cross, serial_shops, shop,
          grunt_ministairs_1
Abyss:4:  base: Elf:1, base: D:14, gammafunk_corrupted_shrine

Skill      XL: |  1  2  3  4  5  6  7  8  9 10 11 12 13 14 15 16 17 18 19 |
---------------+----------------------------------------------------------+-----
Armour         | 3 4 6 7 8 9 10 11 12 | 12.3
Shields        | 3 5 6 7 8 9 10 12 13 14 15 | 15.6
Maces & Flails | 4 5 8 9 10 11 12 14 15 16 17 | 17.9
Dodging        | 1 4 5 6 7 8 9 |  9.4
Fighting       | 4 6 7 8 9 10 11 12 13 14 15 | 15.7
Stealth        | 1 2 8 10 11 12 13 14 15 | 15.4
Evocations     | 1 2 3 4 |  4.1

Action                     |  1- 3 |  4- 6 |  7- 9 | 10-12 | 13-15 | 16-18 | 19-21 || total
---------------------------+-------+-------+-------+-------+-------+-------+-------++-------
  Melee: Flail             |    57 |   128 |   189 |   548 |  1281 |       |       ||  2203
         Constrict         |       |       |       |       |   261 |   206 |    33 ||   500
         Eveningstar       |       |       |       |       |   166 |   944 |   251 ||  1361
  Throw: Dart              |       |       |       |     2 |     4 |       |       ||     6
 Invoke: Potion Petition   |       |       |       |       |     1 |       |     3 ||     4
         Call Merchant     |       |       |       |       |       |     4 |       ||     4
Ability: Spit Poison       |     6 |     6 |    10 |    17 |     2 |     1 |       ||    42
  Evoke: Wand              |       |       |       |    28 |    12 |    12 |     3 ||    55
         Box of beasts     |       |       |       |       |       |     2 |     1 ||     3
         Lightning rod     |       |       |       |       |       |     4 |       ||     4
    Use: Scroll            |     2 |     9 |     1 |    16 |    14 |     8 |     1 ||    51
         Potion            |       |     1 |     3 |     5 |     2 |     1 |     2 ||    14
   Stab: Sleeping          |       |       |       |     8 |    20 |     9 |       ||    37
         Distracted        |       |       |       |     2 |    11 |    13 |     3 ||    29
 Armour: Scale mail        |    26 |   105 |   124 |   383 |   781 |       |       ||  1419
         Chain mail        |       |       |       |       |   164 |   244 |       ||   408
         Gold dragon scale |       |       |       |       |       |    55 |   168 ||   223
  Dodge: Dodged            |    23 |    50 |    90 |   321 |   564 |   168 |    44 ||  1260
  Block: Buckler           |    12 |    35 |    41 |   197 |   335 |       |       ||   620
         Tower shield      |       |       |       |       |   199 |  1042 |   306 ||  1547
